 Dungeon Crawl Stone Soup version 0.30-a0-1112-gfb780f5df6 (webtiles) character file.

Game seed: 10371537348889632580

13036 cheesebisquit the Grappler (level 11, -1/106 (111) HPs)
             Began as a Troll Fighter on Apr 19, 2023.
             Was a Believer of Wu Jian.
             Killed by divine providence
             ... invoked by an orc priest
              (12 damage)
             ... on level 11 of the Dungeon.
             The game lasted 00:29:36 (8318 turns).

cheesebisquit the Grappler (Troll Fighter)          Turns: 8318, Time: 00:29:37

HP:   -1/106 (111)  AC:  3    Str: 28    XL:     11   Next: 70%
MP:   10/10         EV: 12    Int: 14    God:    Wu Jian [**....]
Gold: 348           SH: 19    Dex: 18    Spells: 10/10 levels left

rFire   . . .      SeeInvis .      - Unarmed
rCold   . . .      Faith    .    b - +2 kite shield
rNeg    + + .      Spirit   .    m - +1 animal skin
rPois   +          Reflect  +    t - +2 hat of Contentment {Drain rN+ Int+4 Dex+5}
rElec   +          Rampage  .    (no cloak)
rCorr   .                        (gloves unavailable)
Will    .....                    (boots unavailable)
Stlth   +++                      E - amulet of reflection
HPRegen 1.17/turn                s - ring "Plog" {rElec rN+ Int+2 Dex+6}
MPRegen 0.12/turn                f - ring "Efux" {rPois Str+2 Dex-2 Stlth+}

@: corroded, lightly drained
A: large, unfitting armour, claws 3, regeneration 1, shaggy fur 1, tough skin 1
a: Renounce Religion, Wall Jump


You were on level 11 of the Dungeon.
You worshipped Wu Jian.
Wu Jian was pleased with you.
You visited 2 branches of the dungeon, and saw 12 of its levels.
You also visited: Sewer.

You collected 708 gold pieces.
You spent 360 gold pieces at shops.

Inventory:

Hand Weapons
 G - a +2 giant spiked club of electrocution
Missiles
 D - 12 poisoned darts (quivered)
 L - 2 large rocks
Armour
 b - a +2 kite shield (worn)
 m - a +1 animal skin (worn)
 t - the +2 hat of Contentment (worn) {Drain rN+ Int+4 Dex+5}
   (You acquired it on level 4 of the Dungeon)

   Int:       It affects your intelligence (+4).
   Dex:       It affects your dexterity (+5).
   rN:        It protects you from negative energy.
   Drain:     It drains your maximum health when unequipped.
Jewellery
 e - a ring of ice
 f - the ring "Efux" (right claw) {rPois Str+2 Dex-2 Stlth+}
   (You acquired it on level 4 of the Dungeon)

   [ring of poison resistance]

   Str:       It affects your strength (+2).
   Dex:       It affects your dexterity (-2).
   rPois:     It protects you from poison.
   Stlth:     It makes you more stealthy.
 s - the ring "Plog" (left claw) {rElec rN+ Int+2 Dex+6}
   (You acquired it on level 4 of the Dungeon)

   [ring of dexterity]

   Int:       It affects your intelligence (+2).
   Dex:       It affects your dexterity (+6).
   rElec:     It insulates you from electricity.
   rN:        It protects you from negative energy.
 u - a ring of fire
 x - an amulet of magic regeneration
 E - an amulet of reflection (around neck)
 K - a ring of flight
Wands
 l - a wand of mindburst (2)
 q - a wand of iceblast (36)
 w - a wand of digging (3)
 I - a wand of flame (7)
 J - a wand of polymorph (6)
Scrolls
 a - a scroll of fog
 c - 3 scrolls of vulnerability
 d - 2 scrolls of noise
 n - a scroll of brand weapon
 o - 5 scrolls of amnesia
 p - 2 scrolls of blinking
 r - 6 scrolls of teleportation
 v - 2 scrolls of silence
 y - a scroll of magic mapping {unknown}
 z - a scroll of immolation {unknown}
 A - a scroll of fear
Potions
 h - a potion of flight
 i - 2 potions of brilliance
 j - 2 potions of mutation
 k - a potion of ambrosia
 C - a potion of lignification
 F - a potion of haste
 H - a potion of attraction {unknown}
 M - 2 potions of might


   Skills:
 + Level 8.1 Fighting
 + Level 6.1 Dodging
 + Level 8.8 Shields
 * Level 12.4 Unarmed Combat


You had 10 spell levels left.
You didn't know any spells.
Your spell library contained the following spells:

 Spells                   Type           Power      Damage    Failure   Level
 Apportation              Tloc           0%         N/A       50%         1
 Freeze                   Ice            0%         1d3       50%         1
 Magic Dart               Conj           0%         1d3       50%         1
 Necrotise                Necr           0%         1d4       50%         1
 Summon Small Mammal      Summ           0%         N/A       50%         1
 Blink                    Tloc           0%         N/A       63%         2
 Call Imp                 Summ           0%         N/A       63%         2
 Lesser Beckoning         Tloc           0%         N/A       63%         2
 Momentum Strike          Conj/Tloc      0%         3d8       63%         2
 Sublimation of Blood     Necr           0%         N/A       63%         2
 Frozen Ramparts          Ice            0%         1d1       86%         3
 Hailstorm                Conj/Ice       0%         3d3       86%         3
 Mephitic Cloud           Conj/Pois/Air  0%         N/A       86%         3
 Portal Projectile        Hex/Tloc       0%         N/A       86%         3
 Tukima's Dance           Hex            0%         N/A       86%         3
 Vhi's Electric Charge    Tloc/Air       0%         N/A       86%         3
 Ice Form                 Ice/Tmut       0%         N/A       99%         4
 Manifold Assault         Tloc           0%         N/A       99%         4
 Petrify                  Tmut/Erth      0%         N/A       99%         4
 Summon Ice Beast         Ice/Summ       0%         N/A       99%         4
 Arcjolt                  Conj/Air       0%         1d10      100%        5
 Blade Hands              Tmut           0%         N/A       100%        5
 Irradiate                Conj/Tmut      0%         3d11      100%        5
 Storm Form               Tmut/Air       0%         N/A       100%        7
 Maxwell's Capacitive Co  Air            0%         ∞         100%        8


Dungeon Overview and Level Annotations

Branches:
Dungeon (11/15)            Temple (1/1) D:6            Lair (0/5) D:11
  Sewer (visited)
    Orc: D:9-12

Altars:
Ashenzari
Cheibriados
Dithmenos
Elyvilon
Fedhas
Gozag
Hepliaklqana
Kikubaaqudgha
Makhleb
Nemelex Xobeh
Okawaru
Qazlal
Ru
Sif Muna
Trog
Uskayaw
Vehumet
Wu Jian
Xom
Yredelemnul
Zin
The Shining One

Shops:
D:8 =


Innate Abilities, Weirdness & Mutations

You are too large for most types of armour.
You have claws for hands.
Your natural rate of healing is unusually fast.
You are covered in fur. (AC +1)
You have tough skin. (AC +1)


Message History

Items here: )) [ †.
You closely miss the red ugly thing.
You feel sick. You block the red ugly thing's attack.
The kobold brigand hits you from afar with the +8 trident "Gahomyish" {drain, rPois rC+ rCorr}!
You partially resist.
You feel drained.
You closely miss the red ugly thing.
You feel sick. You block the red ugly thing's attack.
The kobold brigand closely misses you.
You scratch the red ugly thing but do no damage.
You feel sick. You block the red ugly thing's attack.
The kobold brigand hits you from afar with the +8 trident "Gahomyish" {drain, rPois rC+ rCorr}!
You partially resist.
You feel drained.
You mangle the red ugly thing!!
The red ugly thing is moderately wounded.
The red ugly thing tentacle-slaps you but does no damage.
You feel better.
An orc comes into view. It is wielding a +0 hand axe.
You block the kobold brigand's attack. The red ugly thing tentacle-slaps you.
You are engulfed in flames!
You claw the red ugly thing!
The red ugly thing is heavily wounded.
The kobold brigand barely misses you. The red ugly thing tentacle-slaps you.
You are engulfed in flames!!
You scratch the red ugly thing but do no damage.
The red ugly thing is heavily wounded.
The kobold brigand closely misses you.
You scratch the red ugly thing but do no damage.
The red ugly thing is heavily wounded.
You block the red ugly thing's attack.
The kobold brigand hits you from afar with the +8 trident "Gahomyish" {drain, rPois rC+ rCorr}!
* * * LOW HITPOINT WARNING * * *
You partially resist.
You feel drained.
You scratch the red ugly thing but do no damage.
The red ugly thing is heavily wounded.
The red ugly thing tentacle-slaps you!
* * * LOW HITPOINT WARNING * * *
You are engulfed in flames!
* * * LOW HITPOINT WARNING * * *
The orc priest calls down the wrath of Beogh upon you.
Beogh smites you!
You die...

#.# ##.#
#..# #.##
. #.# #.
#.# ...
#.# ....
#.# .....
#@#
..o..h##u#
(..uKK.KK#
......#oo#
..... ##.#
((.. #.#
... #.# .#
#.# #.#


You could see a red ugly thing, a kobold brigand, an orc priest, an orc and a
kobold.

Vanquished Creatures
  5 two-headed ogres
  4 skeletal warriors
  A cyclops (D:11)
  A manticore (D:11)
  A kobold demonologist (D:10)
  A troll (D:10)
  A shadow (D:10)
  7 spriggans (D:8)
  A wraith (D:10)
  2 wyverns
  5 yaks (D:10)
  A steam dragon (D:8)
  A warg (D:11)
  2 vampire mosquitoes (D:11)
  3 water moccasins
  3 sky beasts
  3 black bears
  An ice beast (D:8)
  2 orc warriors
  An ogre (D:5)
  4 centaurs
  2 kobold brigands
  A gnoll sergeant (D:9)
  5 bullfrogs
  3 scorpions (D:5)
  A wight (D:8)
  10 killer bees
  4 howler monkeys
  2 hounds
  A gnoll bouda (D:9)
  9 orc priests
  A sleepcap (D:5)
  4 iguanas
  7 orc wizards
  Robin (D:2)
  7 adders
  11 gnolls
  A white imp (D:5)
  An ufetubus (D:6)
  A worm (D:6)
  6 dart slugs
  29 orcs
  10 ball pythons
  8 bats
  11 endoplasms
  14 giant cockroaches
  21 goblins
  7 hobgoblins
  2 jackals (D:2)
  7 quokkas
  9 frilled lizards
  20 kobolds
  3 rats
269 creatures vanquished.

Vanquished Creatures (others)
  A wizard (D:4)
1 creature vanquished.

Grand Total: 270 creatures vanquished

Notes
Turn   | Place    | Note
-------+----------+-------------------------------------------
     0 | D:1      | cheesebisquit the Troll Fighter began the quest for the
                  | Orb.
     0 | D:1      | Reached XP level 1. HP: 22/22 MP: 0/0
   138 | D:1      | Reached XP level 2. HP: 29/29 MP: 1/1
   741 | D:2      | Reached XP level 3. HP: 36/36 MP: 2/2
   797 | D:2      | Noticed Robin
   804 | D:2      | Killed Robin
   895 | D:2      | Reached skill level 3 in Unarmed Combat
   895 | D:2      | Reached XP level 4. HP: 15/45 MP: 3/3
  1197 | D:3      | Found a glowing golden altar of the Shining One.
  1431 | D:3      | Found a large runed translucent door.
  1432 | D:3      | Found a large runed translucent door.
  1499 | D:3      | Found a faded altar of an unknown god.
  1871 | D:3      | Reached XP level 5. HP: 52/53 MP: 4/4
  1889 | D:3      | Found an ancient bone altar of Kikubaaqudgha.
  1892 | D:3      | Found a burning altar of Makhleb.
  1925 | D:4      | Found a shadowy altar of Dithmenos.
  1938 | D:4      | Noticed a black bear
  1945 | D:4      | Killed a black bear
  2053 | D:4      | Identified 3 scrolls of acquirement
  2053 | D:4      | Acquired the ring "Plog" {rElec rN+ Int+2 Dex+6}
  2056 | D:4      | Acquired the +2 hat of Contentment {Drain rN+ Int+4 Dex+5}
  2063 | D:4      | Acquired the ring "Efux" {rPois Str+2 Dex-2 Stlth+}
  2157 | D:4      | Reached skill level 4 in Unarmed Combat
  2157 | D:4      | Reached XP level 6. HP: 60/62 MP: 5/5
  2338 | D:4      | Found a bloodstained altar of Trog.
  2340 | D:4      | Noticed a wizard
  2345 | D:4      | Killed a wizard
  2477 | D:5      | Entered Level 5 of the Dungeon
  2539 | D:5      | Reached XP level 7. HP: 57/70 MP: 6/6
  2544 | D:5      | Reached skill level 5 in Unarmed Combat
  2592 | D:5      | Reached skill level 5 in Shields
  2688 | D:5      | Reached skill level 6 in Unarmed Combat
  2751 | D:5      | Reached XP level 8. HP: 79/79 MP: 7/7
  2894 | D:5      | Found a basalt altar of Yredelemnul.
  3089 | D:6      | Found a glowing drain.
  3096 | Sewer    | Entered a sewer
  3332 | Sewer    | Reached skill level 5 in Fighting
  3477 | D:6      | Reached skill level 7 in Unarmed Combat
  3590 | D:6      | Found a hazy altar of Hepliaklqana.
  3830 | D:6      | Found a staircase to the Ecumenical Temple.
  3860 | Temple   | Entered the Ecumenical Temple
  3889 | Temple   | Became a worshipper of the Wu Jian Council
  4478 | D:7      | Found a glowing silver altar of Zin.
  4585 | D:7      | Reached skill level 8 in Unarmed Combat
  4726 | D:7      | Found a stormy altar of Qazlal.
  5270 | D:7      | Reached XP level 9. HP: 89/89 MP: 8/8
  5649 | D:8      | Reached skill level 9 in Unarmed Combat
  5913 | D:8      | Reached * piety under Wu Jian
  5914 | D:8      | Reached XP level 10. HP: 96/100 MP: 9/9
  5953 | D:8      | Found Tafoifigew's Jewellery Shop.
  6159 | D:8      | Bought an amulet of reflection for 360 gold pieces
  6242 | D:9      | Reached skill level 10 in Unarmed Combat
  6562 | D:9      | Noticed a two-headed ogre
  6571 | D:9      | Killed a two-headed ogre
  6740 | D:9      | Noticed a two-headed ogre
  6751 | D:9      | Killed a two-headed ogre
  6854 | D:10     | Entered Level 10 of the Dungeon
  6944 | D:10     | HP: 6/153 [yak (8)]
  6946 | D:10     | Reached skill level 11 in Unarmed Combat
  6954 | D:10     | Reached ** piety under Wu Jian
  6955 | D:10     | Reached skill level 5 in Dodging
  7173 | D:10     | Noticed a skeletal warrior
  7175 | D:10     | Noticed a skeletal warrior
  7177 | D:10     | Noticed a skeletal warrior
  7177 | D:10     | Noticed a skeletal warrior
  7207 | D:9      | Killed a skeletal warrior
  7223 | D:9      | Killed a skeletal warrior
  7224 | D:9      | Reached XP level 11. HP: 35/109 MP: 10/10
  7234 | D:9      | Killed a skeletal warrior
  7308 | D:10     | Killed a skeletal warrior
  7347 | D:10     | Noticed a two-headed ogre
  7350 | D:10     | Noticed a sixfirhy
  7360 | D:10     | Killed a two-headed ogre
  7844 | D:11     | Noticed a two-headed ogre
  7852 | D:11     | Killed a two-headed ogre
  7853 | D:11     | Reached skill level 12 in Unarmed Combat
  8008 | D:11     | Found a staircase to the Lair.
  8017 | D:11     | Noticed a two-headed ogre
  8025 | D:11     | Killed a two-headed ogre
  8290 | D:11     | Identified the +8 trident "Gahomyish" {drain, rPois rC+
                  | rCorr}
  8294 | D:11     | Noticed a red ugly thing
  8318 | D:11     | Killed from afar by an orc priest

Illustrated notes

Levels and vault maps discovered:
D:1:      onia_arrival_pentagram, layout_basic, nicolae_kite_square_tiling_tiny
D:2:      layout_rooms, grunt_ministairs_14, uniq_robin
D:3:      layout_loops_ring, amcnicky_altar_gilded, jmf_multi_god_temple2,
          hellmonk_ecumenical_altar_prayer_group, solitary_fountain
D:4:      layout_cave_pools, trog_wizard, old_standard_altar
D:5:      layout_basic, mainiacjoe_overflow_alcove_4
D:6:      layout_loops_corners, mainiacjoe_overflow_alcove_1, temple_pool_b,
          cheibrodos_sewer_entry_sluice, minmay_misc_feat_rugged,
          chequers_serial_rivers_marsh
D:7:      layout_basic, mainiacjoe_overflow_small_starburst,
          mainiacjoe_overflow_six_doors_small
D:8:      kb_forest_paths, layout_gridville, serial_shops,
          nicolae_take_the_stairs
D:9:      layout_long_grid, hangedman_abyss_or_decor_passed
D:10:     layout_stronghold, serial_column_ruins, column_ruins_hut,
          column_ruins_grid_5, column_ruins_columns_straight,
          column_ruins_columns_T, column_ruins_corridor_straight,
          column_ruins_columns_water, column_ruins_grid_1,
          column_ruins_columns_straight
D:11:     layout_loops_ring, lair_entry_dummy, david_orc_3
Temple:   nicolae_temple_ecumenical_triangle

Skill      XL: |  1  2  3  4  5  6  7  8  9 10 11 |
---------------+----------------------------------+-----
Shields        | 3 4 5 6 7 8 |  8.8
Fighting       | 3 4 5 6 7 8 |  8.1
Unarmed Combat | 3 4 6 8 9 11 12 | 12.4
Dodging        | 3 5 6 |  6.1

Action                     |  1- 3 |  4- 6 |  7- 9 | 10-12 || total
---------------------------+-------+-------+-------+-------++-------
  Melee: Unarmed           |   109 |   123 |   312 |   273 ||   817
  Throw: Dart              |       |       |       |    46 ||    46
         Throwing net      |       |       |       |     4 ||     4
Ability: Lunge             |       |       |     9 |     4 ||    13
         Whirlwind         |       |       |       |    14 ||    14
  Evoke: Wand              |       |       |     1 |     5 ||     6
    Use: Potion            |     1 |       |     2 |     2 ||     5
         Scroll            |       |     9 |     7 |    11 ||    27
   Stab: Sleeping          |       |     4 |    14 |       ||    18
         Distracted        |       |     1 |     1 |       ||     2
         Held in net/web   |       |       |       |     1 ||     1
 Armour: Robe              |    18 |       |       |       ||    18
         Animal skin       |    24 |    24 |   104 |    38 ||   190
  Dodge: Dodged            |    61 |    32 |    76 |    73 ||   242
  Block: Kite shield       |    52 |    53 |   179 |   242 ||   526
         Reflection        |       |       |       |     5 ||     5

Table legend: (Time is in decaauts)
 A = Elapsed time spent in this place.
 B = Non-inter-level travel time spent in this place.
 C = Inter-level travel time spent in this place.
 D = Time resting spent in this place.
 E = Time spent auto-exploring this place.
 F = Levels seen in this place.
 G = Mean time per level.
                   A        B        C        D        E       F      G
               +--------+--------+--------+--------+--------+-----+--------+
         Total |   8317 |   7783 |    534 |    123 |   5878 |  13 |  639.8 |
       Dungeon |   8005 |   7485 |    520 |    123 |   5774 |  11 |  727.7 |
        Temple |     44 |     30 |     14 |      0 |     18 |   1 |   44.0 |
         Sewer |    267 |    267 |      0 |      0 |     86 |   1 |  267.0 |
               +--------+--------+--------+--------+--------+-----+--------+

Top non-repeatable levels by time:
     D:7: 1140 daAuts
     D:6: 1010 daAuts
     D:9: 866 daAuts
     D:3: 821 daAuts
    D:10: 810 daAuts
     D:1: 694 daAuts
     D:8: 642 daAuts
     D:5: 575 daAuts
     D:4: 507 daAuts
    D:11: 470 daAuts
     D:2: 465 daAuts
   Sewer: 267 daAuts
  Temple: 44 daAuts
